AoeStats
← Consciousness

Black Forest

505281052Analyzed
1v1 RM · 24d ago on Sep 8, 2026· 49m 22s· 2 players
Game mode
Random Map
Map size
Tiny (2 player)
Population
200
Speed
Normal
Resources
Standard
Victory
Conquest
Starting age
Dark Age
Ending age
Imperial Age
RankedLock teamsTeams togetherTeam positionsShared explorationLock speedFull tech treeHidden civsTurbo modeCheats
Victory
Defeat
🇸🇪 Poles · Sweden
1965
+21
🇳🇱 Aztecs · Netherlands
2081
-21
Consciousness
0:43 Loom
12:44 Feudal Age
17:38 Castle Age
17:05 Fletching
17:09 Double-Bit Axe
17:07 Horse Collar
18:31 Bow Saw
26:14 Town Watch
30:08 Wheelbarrow
33:51 Imperial Age
33:27 Forging
33:59 Masonry
33:43 Light Cavalry
34:34 Bloodlines
34:36 Husbandry
35:12 Iron Casting
36:55 Blast Furnace
37:15 Scale Barding Armor
37:15 Heavy Plow
38:39 Devotion
39:58 Chain Barding Armor
41:31 Scale Mail Armor
41:28 Bodkin Arrow
41:44 Siege Engineers
43:12 Winged Hussar
44:22 Conscription
43:54 Crossbowman
44:39 Thumb Ring
45:11 Bracer
46:44 Chemistry
45:44 Padded Archer Armor
47:41 Ballistics
47:37 Leather Archer Armor
49:01 Crop Rotation
47:53 Elite Skirmisher
48:32 Arbalester
Ceeelebrate
0:44 Loom
11:45 Feudal Age
11:48 Man-at-Arms
12:41 Double-Bit Axe
13:16 Fletching
13:33 Town Watch
14:20 Horse Collar
15:07 Gold Mining
17:49 Wheelbarrow
21:34 Castle Age
23:02 Redemption
29:53 Imperial Age
30:01 Bow Saw
31:20 Gold Mining
34:03 Sanctity
35:34 Block Printing
35:31 Fervor
35:38 Pikeman
39:32 Scale Mail Armor
41:18 Forging
44:35 Illumination
46:00 Eagle Warrior
48:42 Chain Mail Armor
49:57 Plate Mail Armor
Connection lost

Rejoining the realm…

Still unreachable

The connection could not be restored.

Session expired

The server has moved on; the page needs a fresh start.